 Adventure DCSS version bcrawl-1.36 (webtiles) character file.

Game seed: 7811452949085949399

148261 Maratek the Shield-Bearer (level 3, -9/24 HPs)
             Began as a Gargoyle Fighter on May 31, 2022.
             Mangled by an ogre
             ... wielding a +0 giant club
              (18 damage)
             ... on level 4 of the Dungeon.
             The game lasted 00:02:19 (484 turns).

Maratek the Shield-Bearer (Gargoyle Fighter)         Turns: 484, Time: 00:02:20

Health: -9/24      AC: 10    Str: 20    XL:     3   Next: 18%
Magic:  3/3        EV:  5    Int:  8    God:
Gold:   0          SH:  9    Dex:  9    Spells: 2/2 levels left
                                        Lives:  0   Deaths: 2

rFire    . . .     SeeInvis .   a - +0 flail
rCold    . . .     Gourm    .   c - +0 medium shield
rNeg     + . .     Faith    .   b - +0 scale mail
rPois    ∞         Spirit   .   (no helmet)
rElec    +         Reflect  .   (no cloak)
rCorr    .                      (no gloves)
MR       .....                  (no boots)
Stlth    ..........             (no amulet)
HPRegen  0.08/turn              (no ring)
MPRegen  0.08/turn              (no ring)

@: no status effects
A: negative energy resistance 1, electricity resistance, unbreathing,
petrification resistance, rot immunity, AC +3
a: no special abilities


You were on level 4 of the Dungeon.
You were not hungry.

You visited 1 branch of the dungeon, and saw 4 of its levels.

Inventory:

Hand Weapons
 a - a +0 flail (weapon)
Armour
 b - a +0 scale mail (worn)
 c - a +0 medium shield (worn)
Potions
 d - a potion of might
 e - a potion of haste {unknown}


   Skills:
 + Level 3.8 Fighting
 + Level 2.5 Maces & Flails
 + Level 3.9 Armour
 + Level 0.7 Dodging
 + Level 4.0 Shields


You had 2 spell levels left.
You didn't know any spells.
Your spell library was empty.

Dungeon Overview and Level Annotations

Branches:
Dungeon (4/12)
 Temple: D:4-7

Altars:

Shops:
D:4 !=%


Innate Abilities, Weirdness & Mutations

You are resistant to torment.
Your stone body is resilient. (AC +3)
You are immune to poison.
You resist negative energy. (rN+)
You are resistant to electric shocks. (rElec)
You can survive without breathing.
You are immune to petrification.
You are immune to rotting.


Message History

The sky beast is lightly wounded.
The sky beast flickers out of sight!
Deactivating autopickup; reactivate with Ctrl-A.
Something hits you. Something shocks you. You resist.
You block the orc's attack.
You barely miss something. Something hits you. Something shocks you.
You resist. The orc hits you but does no damage.
Something hits you but does no damage. You block the orc's attack.
The orc hits you but does no damage. Something hits you but does no damage.
Something hits you but does no damage. The orc hits you but does no damage.
A sky beast appears from thin air!
Reactivating autopickup.
The sky beast flickers out of sight!
Deactivating autopickup; reactivate with Ctrl-A.
You see here 13 gold pieces.
The ogre hits you with a +0 giant club!!
Ouch! That really hurt!
You die...

........## ##≈≈≈## #.#.######
#### #####.#.# #### #....!#/#
...# ######...%...# ...#
#...........##..........#
...###.# #......##..........#
...##..####......##..........#
............$.o.@##.......?..#
...########......O...........#
...# #......##...>.....## ...#
#......##...(Z...|.# ...#
#.......#..........# .#...
#######<#..........# .####
#.#..<.......# .# .
#.#.....!....#
..####.%#........##


You could see an ogre, an orc and an adder skeleton.

Vanquished Creatures
  A crimson imp (D:4)
  A worker ant (D:4)
  An ooze (D:2)
  A worm (D:2)
  A dart slug (D:1)
  A giant cockroach (D:4)
  3 hobgoblins (D:1)
  A kobold (D:1)
  2 quokkas
  A bat (D:1)
  A frilled lizard (D:1)
  A rat (D:1)
15 creatures vanquished.

Notes
Turn   | Place    | Note
-------+----------+-------------------------------------------
     0 | D:1      | Maratek the Gargoyle Fighter began the quest for the Orb.
     0 | D:1      | Reached XP level 1. HP: 14/14 MP: 1/1
    46 | D:1      | Reached XP level 2. HP: 11/19 MP: 2/2
   370 | D:3      | You fall into a shaft and drop 1 floor!
   370 | D:4      | Noticed a crimson imp
   381 | D:4      | Killed a crimson imp
   382 | D:4      | Reached skill level 4 in Shields
   382 | D:4      | Reached XP level 3. HP: 6/24 MP: 3/3
   405 | D:4      | Noticed an ogre
   407 | D:4      | Found Nigox's Food Shop.
   411 | D:4      | Slain by an ogre
   412 | D:4      | Found Zuyferhop's Jewellery Boutique.
   412 | D:4      | Reached XP level 2. HP: -1/20 MP: 2/2
   415 | D:4      | Found Sen Quatt's Distillery.
   426 | D:4      | Noticed an ogre
   427 | D:4      | Reached XP level 3. HP: 22/24 MP: 3/3
   440 | D:4      | Slain by an ogre
   441 | D:4      | Reached XP level 2. HP: -2/20 MP: 2/2
   443 | D:4      | Noticed a sky beast
   452 | D:4      | Reached XP level 3. HP: 15/24 MP: 3/3
   484 | D:4      | Mangled by an ogre

Skill      XL: |  1  2 |
---------------+-------+-----
Shields        | 4 |  4.0
Fighting       | |  3.8
Maces & Flails | |  2.5
Armour         | |  3.9
Dodging        | |  0.7

Action                   || total
-------------------------++-------
Melee: Flail             ||    87
  Eat: Ration            ||     1
Armor: Scale mail        ||   190
Dodge: Dodged            ||    64
Block: Medium shield     ||   157
